 Dungeon Crawl Stone Soup version 0.22-a0-402-ga933591 (webtiles) character file.

22 Kairos the Shield-Bearer (level 2, 16/16 HPs)
             Began as a Vine Stalker Fighter on May 6, 2018.
             Quit the game on level 1 of the Dungeon.
             The game lasted 00:00:33 (1065 turns).

Kairos the Shield-Bearer (Vine Stalker Fighter)     Turns: 1065, Time: 00:00:34

Health: 16/16      AC:  6    Str: 18    XL:     2   Next: 91%
Magic:  3/3        EV:  7    Int:  8    God:
Gold:   41         SH:  9    Dex: 13    Spells: 1/1 levels left

rFire    x . .     SeeInvis .   a - +0 war axe
rCold    + . .     Gourm    .   c - +0 shield
rNeg     . . .     Faith    .   b - +0 scale mail
rPois    .         Spirit   +   (no helmet)
rElec    .         Reflect  .   (no cloak)
rCorr    .         Harm     .   (no gloves)
MR       .....                  (no boots)
Stlth    ..........             (no amulet)
HPRegen  0.05/turn              e - ring of ice
MPRegen  0.08/turn              (no ring)

@: no status effects
A: fangs 2, magic shield, antimagic bite, no potion heal 3, rot immunity
a: no special abilities


You were on level 1 of the Dungeon.
You were not hungry.

You visited 1 branch of the dungeon, and saw 1 of its levels.

You collected 41 gold pieces.

Inventory:

Hand Weapons
 a - a +0 war axe (weapon)
Armour
 b - a +0 scale mail (worn)
 c - a +0 shield (worn)
Jewellery
 e - a ring of ice (left hand)
Scrolls
 g - 2 scrolls of magic mapping {unknown}
 h - a scroll of identify {unknown}
 i - 3 scrolls of enchant weapon {unknown}
Potions
 d - a potion of might
 j - a potion of ambrosia {unknown}
Comestibles
 f - 2 rations


   Skills:
 + Level 3.0 Fighting
 + Level 1.9 Axes
 + Level 2.7 Armour
 + Level 3.0 Shields


You had one spell level left.
You didn't know any spells.

Dungeon Overview and Level Annotations

Branches:
Dungeon (1/15)

Altars:


Innate Abilities, Weirdness & Mutations

You have extremely sharp teeth.
When hurt, damage is shared between your health and your magic reserves.
Your bite disrupts and absorbs the magic of your enemies.
Potions cannot restore your health.
You are immune to rotting.


Message History

No target in view!
You open the door.
There is an open door here.
Key pressed, stopping explore.
No target in view!
There is an open door here.
Key pressed, stopping explore.
No target in view!
No target in view!
Partly explored, can't reach some places.
No target in view!
Partly explored, can't reach some places.
No target in view!
Partly explored, can't reach some places.
No target in view!
You feel more attuned to ice.
e - a ring of ice (left hand) Partly explored, can't reach some places.
Partly explored, can't reach some places.
Are you sure you want to abandon this character and quit the game? (Confirm with "yes".)

##.....♣♣ ♣♣...♣♣♣♣♣ ♣♣
##.....♣♣ ♣♣♣♣.♣♣♣.♣♣
###.....♣♣ ♣♣♣...♣♣
♣♣.♣♣♣
##.....♣♣♣♣♣♣...♣♣♣
♣♣..♣♣♣
##..♣♣♣♣♣♣≈≈≈..♣♣♣
♣♣♣..♣ #.♣♣♣ ♣♣♣≈≈≈♣♣♣
♣♣.♣ ..♣♣ ♣♣≈≈≈≈♣♣
♣♣.♣♣ ♣ #..♣
♣♣♣♣♣...≈≈≈♣♣♣ ♣.♣♣ ♣
#..♣♣♣♣♣.....♣..@≈≈≈♣
♣♣.♣♣ ♣
♣♣...♣.....♣♣♣♣...♣≈≈≈♣
♣.♣.♣ ♣ ♣♣♣....♣♣♣♣
♣♣.♣♣ ≈≈≈♣♣♣..♣ ♣
♣♣♣♣♣♣ ♣♣♣ ♣ ♣♣♣P♣ ♣ ♣♣


There were no monsters in sight!

Vanquished Creatures
  4 dart slugs (D:1)
  A leopard gecko (D:1)
  A bat (D:1)
  3 goblins (D:1)
  A hobgoblin (D:1)
  A frilled lizard (D:1)
  A kobold (D:1)
  2 rats (D:1)
14 creatures vanquished.

Notes
Turn   | Place    | Note
-------+----------+-------------------------------------------
     0 | D:1      | Kairos the Vine Stalker Fighter began the quest for the Orb.
     0 | D:1      | Reached XP level 1. HP: 11/11 MP: 2/2
   321 | D:1      | Reached XP level 2. HP: 16/16 MP: 3/3
  1065 | D:1      | Quit the game

Vault maps used:
D:1:      kilobyte_arrival_exit_the_forest, minmay_heptomino_d4

Skill      XL: |  1  2 |
---------------+-------+-----
Shields        | 3 |  3.0
Fighting       | 3 |  3.0
Axes           | |  1.9
Armour         | |  2.7

Action                   || total
-------------------------++-------
Melee: War axe           ||    37
       Bite              ||     9
Armor: Scale mail        ||    14
Dodge: Dodged            ||     6
Block: Shield            ||    14

Table legend:
 A = Spawn XP
 B = Non-spawn XP
 C = Spawn XP percentage of total XP
 D = Spawn monster count
 E = Non-spawn monster count
 F = Spawn count percentage of total count
 G = Total turns spent on level
                    A         B        C        D         E        F      G
               +---------+---------+-------+---------+---------+-------+---------
         Total |       0 |      32 |   0.0 |       0 |      14 |   0.0 |  1065
               +---------+---------+-------+---------+---------+-------+---------
           D:1 |       0 |      32 |   0.0 |       0 |      14 |   0.0 |  1065
               +---------+---------+-------+---------+---------+-------+---------
